Map: Miner Evacuation

Players

raincamp

  • Race: Zerg Zerg
  • Spawn Location: 7:00

raincamp

  • Race: Terran Terran
  • Spawn Location: 7:00

VOD

Have the link to the VOD?

Description

Time

  • Played on: Nov. 26, 2017, 8:30 a.m.
  • Length: 16:02
Show
View Real Time Build Order
Export as new Build Order

raincamp Zerg 

Build Orders:  

Get SALT Encoding   

  12  0:04  Drone  
  13  0:12  Drone  
  14  0:26  Overlord  
  14  0:37  Extractor  
  14  0:38  Drone  
  14  0:44  Drone, Extractor  
  14  0:51  Drone  
  14  0:56  Drone  
  16  1:04  Drone  
  17  1:31  Roach Warren  
  16  1:55  Glial Reconstitution  
  16  2:02  Roach  
  18  2:20  Overlord  
  18  2:30  Drone x2  
  20  2:40  Drone  
  20  2:46  Drone  
  22  3:15  Roach  
  22  3:29  Pneumatized Carapace  
  22  3:31  Drone x3  
  22  3:37  Brutalisk  
  25  3:42  Roach  
  27  3:55  Overlord  
  27  3:57  Evolution Chamber  
  26  4:18  Lair  
  26  4:56  Roach  
  28  5:03  Drone x2  
  28  5:04  Spire  
  28  5:05  Infestation Pit  
  28  5:27  Roach  
  28  5:48  Viper  
  28  5:49  Viper, Brutalisk  
  28  5:57  Drone  
  28  5:58  Drone x2  
  34  6:03  Overlord x2  
  37  6:57  Virulent Microbes  
  37  7:09  Roach  
  37  7:11  Mutalisk x3  
  37  7:14  Drone x2  
  37  7:18  Zerg Missile Weapons Level 1  
  45  7:31  Brutalisk  
  45  7:43  Mutalisk  
  47  9:30  Viper x2  
  47  9:34  Overseer  
  47  9:44  Mutalisk  
  47  9:47  Mutalisk  
  47  9:48  Mutalisk  
  53  10:12  Leviathan  
  53  10:15  Leviathan  
  53  10:16  Leviathan  
  53  10:22  Overseer  
  53  10:40  Overlord x2  
  53  10:41  Overlord x4  
  51  10:56  Roach  
  51  10:58  Overlord  
  51  10:59  Overlord  
  53  11:35  Zerg Missile Weapons Level 2  
  53  11:59  Roach  
  55  12:16  Zerg Flyer Weapons Level 1  
  55  12:32  Overlord x2  
  55  12:34  Overlord x5  
  55  12:35  Overlord x2  
  55  13:09  Roach  
  55  13:29  Zerg Ground Armor Level 1  
  55  13:31  Brutalisk  
  51  14:59  Overseer  
  51  15:00  Overseer  
Show
View Real Time Build Order
Export as new Build Order

raincamp Terran 

Build Orders:  

Get SALT Encoding   

  12  0:29  Supply Depot  
Tags
 
Add a new tag
Caveats
  • Supply blocks, unpowered buildings, or Contaminate may cause inaccurate times.
  • Supply counts are checked every 10 seconds.